[ AOE2 MATCH · #504958647 ]
UnrankedMongols vs Japanese
Player's team · WIN
Rival team · LOSS
[ REPLAY ANALYSIS · EXTRACTED FROM THE RECORDED GAME ]
Feudal
9:40
Castle
14:10
Imperial
—
| APM avg | 52.4 |
| APM peak | 101 |
| eAPM avg | 25.8 |
| Villagers / military | 47 / 30 |
Focus
⚔️ 43.7% · 🌾 56.3%
Steppe Lancer ×9 · Mangonel ×8 · Skirmisher ×6 · Battering Ram ×3 · Scorpion ×2 · Camel Scout ×2
Feudal
11:25
Castle
15:54
Imperial
—
| APM avg | 38.3 |
| APM peak | 71 |
| eAPM avg | 19.8 |
| Villagers / military | 39 / 12 |
Focus
⚔️ 33.3% · 🌾 66.7%
Militia ×7 · Cavalry Archer ×3 · Monk ×1 · Mangonel ×1
Match map
Initial resources + every placement click. Lines = walls · curves = elevation contours. ◆ gold · ⬟ stone · ● berries · ✦ relic · ◌ wall gap
Your base· Open — 4t gap
Molle's base· Open — 6t gap
Smoothed initial terrain · ◌ = detected wall gap · hover for details
Inputs per minute
— 心態練習生 - - Molle
Build order — 心態練習生
122 actions detected in the replay
| 0:00 | Create | Villager (Male) |
| 0:00 | Create | Villager (Male) |
| 0:02 | Build | House |
| 0:03 | Build | House |
| 0:09 | Create | Villager (Male) |
| 0:09 | Create | Villager (Male) |
| 0:09 | Create | Villager (Male) |
| 1:24 | Create | Villager (Male) |
| 1:24 | Create | Villager (Male) |
| 1:59 | Create | Villager (Male) |
| 1:59 | Create | Villager (Male) |
| 2:24 | Create | Villager (Male) |
| 2:25 | Create | Villager (Male) |
| 2:45 | Create | Villager (Male) |
| 2:45 | Create | Villager (Male) |
| 2:46 | Create | Villager (Male) |
| 2:52 | Build | Lumber Camp |
| 3:15 | Create | Villager (Male) |
| 3:16 | Create | Villager (Male) |
| 3:32 | Create | Villager (Male) |
| 3:35 | Create | Villager (Male) |
| 3:35 | Create | Villager (Male) |
| 3:35 | Create | Villager (Male) |
| 4:01 | Create | Villager (Male) |
| 4:01 | Create | Villager (Male) |
| 4:08 | Create | Villager (Male) |
| 4:08 | Create | Villager (Male) |
| 4:09 | Create | Villager (Male) |
| 4:15 | Build | House |
| 4:26 | Create | Villager (Male) |
| 4:26 | Create | Villager (Male) |
| 4:29 | Create | Villager (Male) |
| 4:29 | Create | Villager (Male) |
| 4:29 | Create | Villager (Male) |
| 4:51 | Build | House |
| 5:00 | Create | Villager (Male) |
| 5:21 | Build | Mill |
| 5:26 | Create | Villager (Male) |
| 5:36 | Create | Villager (Male) |
| 5:36 | Create | Villager (Male) |
| 5:40 | Build | Palisade Wall |
| 5:42 | Build | Palisade Wall |
| 5:46 | Build | Palisade Wall |
| 6:57 | Build | House |
| 7:09 | Build | Palisade Wall |
| 7:19 | Research | Feudal Age |
| 7:19 | Research | Feudal Age |
| 7:33 | Build | Farm |
| 7:56 | Build | Barracks |
| 8:04 | Create | Villager (Male) |
| 8:04 | Research | Loom |
| 8:38 | Build | Palisade Wall |
| 9:40 | Age | Feudal Age |
| 9:43 | Build | Archery Range |
| 9:56 | Research | Double-Bit Axe |
| 10:00 | Create | Villager (Male) |
| 10:03 | Research | Loom |
| 10:25 | Build | Market |
| 10:42 | Create | Skirmisher |
| 10:42 | Create | Skirmisher |
| 10:42 | Create | Skirmisher |
| 11:10 | Build | House |
| 11:30 | Research | Castle Age |
| 11:30 | Research | Castle Age |
| 11:37 | Create | Skirmisher |
| 11:37 | Create | Skirmisher |
| 11:41 | Build | Mining Camp |
| 11:46 | Build | Mining Camp |
| 12:33 | Build | Stable |
| 12:35 | Build | Palisade Wall |
| 12:38 | Build | Palisade Wall |
| 12:39 | Build | Palisade Wall |
| 12:42 | Build | House |
| 12:48 | Build | House |
| 13:00 | Create | Villager (Male) |
| 13:04 | Create | Skirmisher |
| 13:28 | Build | Blacksmith |
| 14:10 | Age | Castle Age |
| 14:11 | Create | Steppe Lancer |
| 14:11 | Create | Steppe Lancer |
| 14:38 | Create | Steppe Lancer |
| 14:39 | Create | Villager (Male) |
| 14:50 | Create | Steppe Lancer |
| 14:54 | Create | Villager (Male) |
| 14:56 | Build | Siege Workshop |
| 14:58 | Build | Farm |
| 14:59 | Build | Farm |
| 15:18 | Build | House |
| 15:32 | Create | Steppe Lancer |
| 15:45 | Create | Villager (Male) |
| 15:54 | Create | Battering Ram |
| 16:02 | Create | Villager (Male) |
| 16:27 | Build | House |
| 16:34 | Create | Scorpion |
| 16:34 | Create | Scorpion |
| 16:37 | Create | Villager (Male) |
| 17:05 | Create | Mangonel |
| 17:06 | Create | Mangonel |
| 17:15 | Create | Villager (Male) |
| 17:29 | Create | Steppe Lancer |
| 17:29 | Create | Steppe Lancer |
| 17:52 | Create | Villager (Male) |
| 17:56 | Build | Farm |
| 17:57 | Build | Farm |
| 18:09 | Create | Steppe Lancer |
| 18:13 | Create | Camel Scout |
| 18:13 | Create | Camel Scout |
| 18:42 | Create | Battering Ram |
| 18:42 | Create | Battering Ram |
| 18:45 | Create | Mangonel |
| 18:46 | Create | Mangonel |
| 19:00 | Create | Villager (Male) |
| 19:01 | Create | Villager (Male) |
| 19:13 | Build | Farm |
| 19:14 | Build | Farm |
| 19:34 | Create | Mangonel |
| 19:34 | Create | Mangonel |
| 19:46 | Create | Steppe Lancer |
| 19:54 | Build | House |
| 20:31 | Create | Mangonel |
| 20:32 | Create | Mangonel |
| 20:40 | Create | Villager (Male) |
Build order — Molle
96 actions detected in the replay
| 0:02 | Create | Villager (Male) |
| 0:02 | Create | Villager (Male) |
| 0:02 | Create | Villager (Male) |
| 0:03 | Build | House |
| 0:04 | Build | House |
| 0:13 | Create | Villager (Male) |
| 1:33 | Create | Villager (Male) |
| 1:52 | Create | Villager (Male) |
| 2:11 | Create | Villager (Male) |
| 2:37 | Create | Villager (Male) |
| 2:42 | Build | Lumber Camp |
| 3:04 | Create | Villager (Male) |
| 3:45 | Create | Villager (Male) |
| 3:50 | Create | Villager (Male) |
| 4:12 | Build | House |
| 4:31 | Create | Villager (Male) |
| 4:44 | Build | Barracks |
| 4:50 | Build | House |
| 4:56 | Build | House |
| 5:00 | Create | Villager (Male) |
| 5:13 | Create | Villager (Male) |
| 5:28 | Create | Villager (Male) |
| 5:31 | Build | Mill |
| 5:37 | Create | Militia |
| 5:40 | Create | Militia |
| 5:51 | Build | Mining Camp |
| 5:56 | Create | Villager (Male) |
| 6:08 | Create | Militia |
| 6:28 | Create | Villager (Male) |
| 6:34 | Build | House |
| 6:48 | Create | Villager (Male) |
| 6:55 | Create | Militia |
| 6:55 | Create | Militia |
| 7:05 | Create | Villager (Male) |
| 7:06 | Build | Farm |
| 7:36 | Create | Villager (Male) |
| 7:40 | Build | Mill |
| 7:53 | Create | Villager (Male) |
| 7:55 | Build | House |
| 8:49 | Research | Loom |
| 9:15 | Research | Feudal Age |
| 9:33 | Build | Lumber Camp |
| 10:44 | Create | Villager (Male) |
| 10:44 | Create | Villager (Male) |
| 11:25 | Age | Feudal Age |
| 11:34 | Build | Archery Range |
| 11:39 | Build | Market |
| 12:23 | Create | Villager (Male) |
| 12:28 | Build | Watch Tower |
| 12:49 | Create | Villager (Male) |
| 13:01 | Build | Farm |
| 13:03 | Build | Farm |
| 13:04 | Build | Farm |
| 13:09 | Research | Castle Age |
| 13:26 | Build | House |
| 13:33 | Build | Farm |
| 13:35 | Research | Man-at-Arms (upgrade) |
| 13:51 | Build | Farm |
| 13:54 | Build | House |
| 14:02 | Build | Mining Camp |
| 14:24 | Research | Double-Bit Axe |
| 15:00 | Create | Militia |
| 15:40 | Create | Villager (Male) |
| 15:47 | Build | Farm |
| 15:53 | Create | Villager (Male) |
| 15:54 | Age | Castle Age |
| 15:59 | Build | Town Center |
| 16:02 | Create | Villager (Male) |
| 16:03 | Create | Cavalry Archer |
| 16:11 | Build | Monastery |
| 16:25 | Research | Bow Saw |
| 16:25 | Create | Villager (Male) |
| 16:43 | Create | Villager (Male) |
| 17:06 | Create | Villager (Male) |
| 17:10 | Create | Monk |
| 17:26 | Create | Militia |
| 17:38 | Create | Cavalry Archer |
| 17:51 | Create | Villager (Male) |
| 17:56 | Create | Cavalry Archer |
| 18:19 | Create | Villager (Male) |
| 18:29 | Build | Blacksmith |
| 18:38 | Build | Farm |
| 18:39 | Build | Farm |
| 18:52 | Create | Villager (Male) |
| 19:01 | Build | Siege Workshop |
| 19:02 | Create | Villager (Male) |
| 19:12 | Build | Farm |
| 19:25 | Create | Villager (Male) |
| 19:32 | Create | Mangonel |
| 19:51 | Build | House |
| 19:52 | Build | House |
| 19:53 | Build | House |
| 19:56 | Create | Villager (Male) |
| 20:00 | Create | Villager (Male) |
| 20:24 | Create | Villager (Male) |
| 20:26 | Build | Archery Range |
Match timeline
| 4:44 | Molle · first_building Barracks |
| 5:40 | 心態練習生 · wall_segment Palisade Wall x1 |
| 5:42 | 心態練習生 · wall_segment Palisade Wall x1 |
| 5:46 | 心態練習生 · wall_segment Palisade Wall x1 |
| 7:09 | 心態練習生 · wall_segment Palisade Wall x1 |
| 7:56 | 心態練習生 · first_building Barracks |
| 8:38 | 心態練習生 · wall_segment Palisade Wall x1 |
| 9:40 | 心態練習生 · age_up feudal |
| 9:43 | 心態練習生 · first_building Archery Range |
| 11:25 | Molle · age_up feudal |
| 11:29 | 心態練習生 · first_market_sell 100 stone |
| 11:34 | Molle · first_building Archery Range |
| 12:33 | 心態練習生 · first_building Stable |
| 12:35 | 心態練習生 · wall_segment Palisade Wall x1 |
| 12:38 | 心態練習生 · wall_segment Palisade Wall x2 |
| 12:39 | 心態練習生 · wall_segment Palisade Wall x1 |
| 14:10 | 心態練習生 · age_up castle |
| 14:56 | 心態練習生 · first_building Siege Workshop |
| 15:54 | Molle · age_up castle |
| 16:11 | Molle · first_building Monastery |
| 19:01 | Molle · first_building Siege Workshop |
| 19:31 | Molle · first_market_sell 100 stone |
| 20:47 | Molle · resign |
[ AI ANALYSIS · 1 CREDIT ]
What really happened in this match?
Wolo.gg analyzes every decision: build order, eco, micro, common mistakes by bracket. Personalized analysis on WhatsApp or Discord in 30 seconds.
Civ guide
Mongols
Perfil
Jugador #24185476